 Dungeon Crawl Stone Soup version 0.27.1-3-gb3d3a73c9e (webtiles) character file.

Game seed: 3297660003928012535

258 Crownlay the Shield-Bearer (level 5, -1/45 HPs)
             Began as a Minotaur Fighter on Oct 21, 2021.
             Slain by Grinder (9 damage)
             ... on level 3 of the Dungeon.
             The game lasted 00:02:39 (2029 turns).

Crownlay the Shield-Bearer (Minotaur Fighter)       Turns: 2029, Time: 00:02:40

Health: -1/45      AC:  6    Str: 21    XL:     5   Next: 94%
Magic:  4/4        EV: 11    Int:  5    God:
Gold:   47         SH:  0    Dex: 10    Spells: 4/4 levels left

rFire    . . .     SeeInvis .   a - +0 long sword
rCold    . . .     Faith    .   (no shield)
rNeg     . . .     Spirit   .   b - +0 scale mail
rPois    .         Reflect  .   (helmet restricted)
rElec    .         Harm     .   k - scarf {repulsion}
rCorr    .         Rampage  .   (no gloves)
Will     .....                  (no boots)
Stlth    ..........             (no amulet)
HPRegen  0.15/turn              (no ring)
MPRegen  0.09/turn              (no ring)

@: repel missiles
A: horns 2, retaliatory headbutt
a: no special abilities


You were on level 3 of the Dungeon.
You visited 1 branch of the dungeon, and saw 3 of its levels.

You collected 47 gold pieces.

Inventory:

Hand Weapons
 a - a +0 long sword (weapon)
Missiles
 f - 7 javelins (quivered)
Armour
 b - a +0 scale mail (worn)
 c - a +0 kite shield
 k - a scarf of repulsion (worn)
Scrolls
 e - a scroll of noise {unknown}
 h - a scroll of identify {unknown}
 j - a scroll of fog {unknown}
 l - a scroll of acquirement {unknown}
Potions
 d - a potion of might
 g - 2 potions of heal wounds {unknown}
 i - a potion of ambrosia {unknown}
 m - a potion of degeneration {unknown}
 n - a potion of curing {unknown}


   Skills:
 - Level 3.6 Fighting
 - Level 2.4 Long Blades
 - Level 3.6 Armour
 + Level 4.4 Dodging
 + Level 6.2 Shields


You had 4 spell levels left.
You didn't know any spells.
Your spell library was empty.

Dungeon Overview and Level Annotations

Branches:
Dungeon (3/15)

Altars:

Shops:
D:1 [(*

Annotations:
D:3 Grinder


Innate Abilities, Weirdness & Mutations

You have a pair of horns on your head.
You reflexively headbutt those who attack you in melee.


Message History

Found an escape hatch in the floor.
You now have 47 gold pieces (gained 13).
Grinder comes into view.
Grinder shouts!
Grinder says, "Don't move a muscle."
Grinder is nearby!
Grinder is nearby!
Grinder blinks!
You closely miss Grinder. You headbutt Grinder.
Grinder is lightly wounded.
Grinder hits you.
You slash Grinder!
Grinder is heavily wounded.
Grinder hits you but does no damage.
You barely miss Grinder. You headbutt Grinder.
Grinder is severely wounded.
Grinder hits you!
You writhe in agony.
You hit Grinder. You headbutt Grinder, but do no damage.
Grinder is severely wounded.
Grinder gestures at you.
You suddenly lose the ability to move!
Grinder hits you.
You writhe in agony.
Grinder blinks!
You can move again.
You barely miss Grinder. You headbutt Grinder.
Grinder is almost dead.
Grinder blinks!
Grinder gestures at you. Pain shoots through your body!
You hit Grinder. Your headbutt misses Grinder.
Grinder is almost dead.
Grinder hits you.
You writhe in agony.
* * * LOW HITPOINT WARNING * * *
You closely miss Grinder.
Grinder is almost dead.
Grinder blinks!
Grinder gestures at you. Pain shoots through your body!
* * * LOW HITPOINT WARNING * * *
Grinder hits you!
You die...

.≈...≈≈)#.##.........###.........
≈.≈≈≈.≈..#.##...<...## #####.....
.≈.≈≈≈≈≈≈#.##......## ....<..
..≈._≈.... ...#...## .###..##
.≈.≈≈≈≈≈≈#..####.## # #..##
≈.≈≈≈.≈..#..##...##### ...#
.≈...≈≈.#. .##......># ....
≈.....≈#.#..##.#####.##.# #.##
#.....5@.......#
#................#
###.#.##.##.#..... #.#.##.# .#
..## #.#.##.# .# .# # #.##.# .# #
#.##.. .. #. ### .#


You could see Grinder.

Vanquished Creatures
  Sigmund (D:2)
  Jessica (D:2)
  An adder (D:3)
  4 worms
  A dart slug (D:2)
  5 ball pythons
  7 bats
  4 endoplasms
  6 giant cockroaches
  4 goblins
  6 hobgoblins
  2 jackals (D:1)
  2 kobolds (D:1)
  A quokka (D:1)
  4 frilled lizards
  3 rats (D:1)
52 creatures vanquished.

Notes
Turn   | Place    | Note
-------+----------+-------------------------------------------
     0 | D:1      | Crownlay the Minotaur Fighter began the quest for the Orb.
     0 | D:1      | Reached XP level 1. HP: 19/19 MP: 0/0
   129 | D:1      | Reached skill level 1 in Dodging
   131 | D:1      | Reached skill level 4 in Shields
   132 | D:1      | Reached XP level 2. HP: 26/26 MP: 1/1
   263 | D:1      | Found Daaf's Antique Weapon Shoppe.
   272 | D:1      | Found Winomij's Antique Armour Shoppe.
   477 | D:1      | Found Ihood's Assorted Antiques.
   753 | D:2      | Noticed Jessica
   754 | D:2      | Reached XP level 3. HP: 31/31 MP: 2/2
   761 | D:2      | Killed Jessica
   963 | D:2      | Noticed Sigmund
   981 | D:2      | Killed Sigmund
   982 | D:2      | Reached skill level 6 in Shields
   982 | D:2      | Reached XP level 4. HP: 14/39 MP: 3/3
   982 | D:2      | Reached XP level 5. HP: 17/45 MP: 4/4
  1693 | D:3      | Found a faded altar of an unknown god.
  2011 | D:3      | Noticed Grinder
  2019 | D:3      | Paralysed by Grinder for 3 turns
  2029 | D:3      | Slain by Grinder

Illustrated notes

Levels and vault maps discovered:
D:1:      scummos_arrival_star, layout_loops_cross, serial_shops, shop, shop,
          shop, minmay_misc_feat_square
D:2:      layout_basic, kennysheep_path_1, uniq_sigmund, uniq_jessica
D:3:      layout_loops_ring, nzn_hepliaklqana_mist_gate,
          shapermc_ecumenical_altar_starsandcircs, uniq_grinder

Skill      XL: |  1  2  3 |
---------------+----------+-----
Dodging        | 1 2 4 |  4.4
Shields        | 4 6 |  6.2
Fighting       | |  3.6
Long Blades    | |  2.4
Armour         | |  3.6

Action                   |  1- 3 |  4- 6 || total
-------------------------+-------+-------++-------
Melee: Long sword        |    52 |    51 ||   103
       Headbutt          |     5 |     9 ||    14
Armor: Scale mail        |    22 |    15 ||    37
Dodge: Dodged            |    24 |    26 ||    50
       Rpst.: Long sword |     3 |     3 ||     6
